 Dungeon Crawl Stone Soup version 0.30.1-11-g7821555f0a (webtiles) character file.

Game seed: 7969067738450346829

27 monsoonserge the Ducker (level 3, -1/29 HPs)
             Began as a Merfolk Monk on Oct 30, 2023.
             Was a Priest of Zin.
             Slain by a scorpion (4 damage)
             ... on level 2 of the Dungeon.
             The game lasted 00:03:22 (1358 turns).

monsoonserge the Ducker (Merfolk Monk)              Turns: 1358, Time: 00:03:22

Health: -1/29      AC:  5    Str: 12    XL:     3   Next: 10%
Magic:  1/3        EV: 12    Int: 10    God:    Zin [***...]
Gold:   79         SH:  0    Dex: 19    Spells: 2/2 levels left

rFire   . . .        j - +0 rapier
rCold   . . .        d - orb {light}
rNeg    . . .        n - +0 ring mail
rPois   ∞            (no helmet)
rElec   .            (no cloak)
rCorr   .            (no gloves)
SInv    .            (no boots)
Will    .....        (no amulet)
Stlth   +            (no ring)
HPRegen 0.24/turn    (no ring)
MPRegen 0.08/turn

%: no passive effects
@: vitalised, glowing
A: (nimble swimmer 2), mertail
a: Renounce Religion, Recite, Vitalisation, Imprison, Donate Gold


You were on level 2 of the Dungeon.
You worshipped Zin.
Zin was most pleased with you.
You visited 1 branch of the dungeon, and saw 2 of its levels.

You collected 87 gold pieces.
You donated 8 gold pieces to Zin.

Inventory:

Hand Weapons
 j - a +0 rapier (weapon)
Missiles
 a - 3 boomerangs (quivered)
 m - 6 poisoned darts
Armour
 b - a +0 scale mail
 d - an orb of light (worn)
 i - a +0 leather armour
 n - a +0 ring mail (worn)
Jewellery
 o - a ring of wizardry
Scrolls
 f - a scroll of amnesia {unknown}
 g - 5 scrolls of identify {unknown}
 l - a scroll of enchant armour {unknown}
 p - a scroll of magic mapping {unknown}
Potions
 c - a potion of ambrosia
 e - a potion of curing {unknown}
 h - a potion of brilliance {unknown}
 k - a potion of heal wounds {unknown}


   Skills:
 + Level 3.6 Fighting
 + Level 0.1(2.3) Short Blades
 - Level 3.9(4.0) Long Blades
 + Level 0.2 Armour
 + Level 4.6 Dodging
 * Level 0.5 Invocations


You had 2 spell levels left.
You didn't know any spells.
Your spell library contained the following spells:

 Spells                   Type           Power      Damage    Failure   Level
 Call Canine Familiar     Summ           0%         N/A       95%         3
 Portal Projectile        Hex/Tloc       0%         N/A       95%         3
 Leda's Liquefaction      Hex/Erth       0%         N/A       100%        4


Dungeon Overview and Level Annotations

Branches:
Dungeon (2/15)

Altars:
Zin


Innate Abilities, Weirdness & Mutations

((You are very nimble when in or above water. (Stealth+, EV+, Speed+++)))
Your lower body shifts to a powerful aquatic tail in water.


Message History

You hit the scorpion.
The scorpion is lightly wounded.
You feel very sick. The scorpion closely misses you.
Okay, then.
Zin grants you divine stamina.
The scorpion stings you but does no damage.
The scorpion stings you.
Your divine stamina protects you from poison!
Unknown command.
You hit the scorpion.
The scorpion is moderately wounded.
The scorpion completely misses you.
You barely miss the scorpion.
The scorpion is moderately wounded.
The scorpion barely misses you.
You hit the scorpion but do no damage.
The scorpion is moderately wounded.
The scorpion stings you.
You hit the scorpion.
The scorpion is heavily wounded.
The scorpion stings you.
Your divine stamina protects you from poison!
The scorpion stings you!
* * * LOW HITPOINT WARNING * * *
Your divine stamina protects you from poison!
You hit the scorpion.
The scorpion is severely wounded.
The scorpion barely misses you.
You hit the scorpion.
The scorpion is severely wounded.
You are no longer poisoned.
The scorpion stings you.
* * * LOW HITPOINT WARNING * * *
You barely miss the scorpion.
The scorpion is severely wounded.
The scorpion stings you.
* * * LOW HITPOINT WARNING * * *
The scorpion stings you.
You die...

## #. #.## #... #..#
#.s# #.# ##.@#####
#.# #.......# #.#
#...###.# ##.##
#...###.###...###..
#......#..........
#...###.###...###...
##..# #...........(#
#..# ######.#####.#
#.. #.....#.#


You could see a scorpion.

Vanquished Creatures
  3 ball pythons (D:1)
  7 bats
  4 endoplasms (D:1)
  A giant cockroach (D:1)
  A goblin (D:1)
  2 hobgoblins (D:1)
  2 kobolds (D:1)
  A frilled lizard (D:1)
  4 rats (D:1)
25 creatures vanquished.

Notes
Turn   | Place    | Note
-------+----------+-------------------------------------------
     0 | D:1      | monsoonserge the Merfolk Monk began the quest for the Orb.
     0 | D:1      | Reached XP level 1. HP: 18/18 MP: 1/1
   159 | D:1      | Found a faded altar of an unknown god.
   183 | D:1      | Reached XP level 2. HP: 24/24 MP: 2/2
   192 | D:1      | Prayed at the altar of an unknown god.
   192 | D:1      | Became a worshipper of Zin the Law-Giver
   192 | D:1      | Reached * piety under Zin
   192 | D:1      | Reached ** piety under Zin
   649 | D:1      | Reached *** piety under Zin
   802 | D:1      | Reached XP level 3. HP: 29/29 MP: 3/3
  1347 | D:2      | Noticed a scorpion
  1358 | D:2      | Slain by a scorpion

Illustrated notes

Levels and vault maps discovered:
D:1:      spicycebolla_arrival_transporter_tutorial, layout_basic,
          ebering_ecumenical_altar_abandoned
D:2:      layout_loops_ring

Action                     || total
---------------------------++-------
  Melee: Falchion          ||    23
         Rapier            ||    40
 Invoke: Vitalisation      ||     1
 Armour: Leather armour    ||    19
         Robe              ||     1
         Ring mail         ||     3
  Dodge: Dodged            ||    58
